 Dungeon Crawl Stone Soup version 0.29-a0-344-ge2f44be95a (webtiles) character file.

Game seed: 5721866408250501200

2382 Ijustatesigmund the Thaumaturge (level 9, -1/45 HPs)
             Began as a Deep Elf Conjurer on Apr 21, 2022.
             Was a Follower of Vehumet.
             Slain by a yak (13 damage)
             ... on level 6 of the Dungeon.
             The game lasted 00:23:06 (8812 turns).

Ijustatesigmund the Thaumaturge (Deep Elf Conjurer) Turns: 8812, Time: 00:23:07

Health: -1/45      AC:  4    Str:  4    XL:     9   Next: 22%
Magic:  14/26      EV: 12    Int: 28    God:    Vehumet [*.....]
Gold:   318        SH:  0    Dex: 13    Spells: 26/30 levels left

rFire   . . .      SeeInvis .   n - staff of conjuration
rCold   . . .      Faith    .   (no shield)
rNeg    . . .      Spirit   .   a - +1 robe
rPois   +          Reflect  .   (no helmet)
rElec   .          Harm     .   j - +0 cloak
rCorr   .          Rampage  .   (no gloves)
Will    .....                   (no boots)
Stlth   ++........              (no amulet)
HPRegen 0.15/turn               p - +4 ring of slaying
MPRegen 0.20/turn               k - ring of poison resistance

@: studying Maces & Flails
A: no striking features
a: Renounce Religion


You were on level 6 of the Dungeon.
You worshipped Vehumet.
Vehumet was aware of your devotion.
You visited 2 branches of the dungeon, and saw 8 of its levels.
You also visited: Ossuary.

You collected 318 gold pieces.

Inventory:

Hand Weapons
 c - a +3 short sword of venom
Missiles
 f - a throwing net
Armour
 a - a +1 robe (worn)
 j - a +0 cloak (worn)
Magical Staves
 n - a staff of conjuration (weapon)
Jewellery
 e - a +6 ring of strength
 k - a ring of poison resistance (right hand)
 p - a +4 ring of slaying (left hand)
Wands
 m - a wand of acid (5)
Scrolls
 h - 5 scrolls of amnesia
 i - 2 scrolls of blinking
 o - 3 scrolls of teleportation
 v - 3 scrolls of immolation {unknown}
Potions
 b - 3 potions of magic
 d - 2 potions of curing
 g - a potion of brilliance
 l - 2 potions of flight
 q - a potion of ambrosia
 r - a potion of berserk rage
 s - a potion of might
 t - a potion of lignification
 u - a potion of haste {unknown}


   Skills:
 - Level 2.4 Dodging
 - Level 2.4 Stealth
 + Level 11.0 Spellcasting
 + Level 10.0 Conjurations
 + Level 4.7 Fire Magic


You had 26 spell levels left.
You knew the following spells:

 Your Spells              Type           Power      Damage    Failure   Level
a - Magic Dart            Conj           100%       1d8       1%          1
b - Searing Ray           Conj           100%       2d8       1%          2
c - Foxfire               Conj/Fire      100%       2x1d9     1%          1

Your spell library contained the following spells:

 Spells                   Type           Power      Damage    Failure   Level
 Dazzling Flash           Conj/Hex       100%       N/A       1%          3
 Pain                     Necr           60%        1d7       3%          1
 Fulminant Prism          Conj/Hex       30%        3d16      4%          4
 Iskenderun's Mystic Bla  Conj/Tloc      60%        2d13      4%          4
 Agony                    Necr           15%        N/A       69%         5
 Excruciating Wounds      Necr           7%         N/A       69%         5


Dungeon Overview and Level Annotations

Branches:
Dungeon (7/15)             Temple (1/1) D:4         Ossuary (visited)

Altars:
Dithmenos
Elyvilon
Fedhas
Kikubaaqudgha
Makhleb
Nemelex Xobeh
Okawaru
Qazlal
Sif Muna
Trog
Vehumet
Yredelemnul
Zin
The Shining One


Message History

Unknown command.
You now have 318 gold pieces (gained 9).
You start resting.
An orc wizard comes into view. It is wielding a +0 dagger.
An orc wizard is nearby!
An orc wizard is nearby!
The sentinel's mark upon you fades away.
The orc wizard casts a spell at you. The magic dart hits you.
* * * LOW HITPOINT WARNING * * *
There is a stone staircase leading up here.
You climb upwards.
The yak bellows!
You hear a bellow!
There is a stone staircase leading down here.
Aiming: Corrosive Bolt
Press: ? - help, Shift-Dir - straight line, f - yak
Aim: a yak (83% to hit)
The bolt of acid hits the yak!
The acid corrodes the yak!
The yak is moderately wounded.
Aiming: Corrosive Bolt
Press: ? - help, Shift-Dir - straight line, f/p - yak
Aim: a yak (moderately wounded, covered in acid, 83% to hit)
The bolt of acid misses the yak.
The yak bellows!
Casting: Searing Ray (safe; 1% risk of failure)
Confirm with . or Enter, or press ? or * to list all spells.
Aiming: Searing Ray (safe; 1% risk of failure)
Press: ? - help, Shift-Dir - straight line, f/p - yak
Aim: a yak (moderately wounded, covered in acid, 90% to hit)
You feel a surge of power!
The searing ray hits the yak.
The yak is moderately wounded. (Press . to maintain the ray.)
The searing ray hits the yak!
The yak is heavily wounded.
The searing ray hits the yak.
The yak is severely wounded.
The searing ray hits the yak!
The yak is moderately wounded.
The yak gores you!
You die...

..# ###......##
#.......## ##....##
#........## #...## #
#.........# #...# ##
#..........##...###.
#...........#....#..
#...................
#...................
#.@Y..Y.Y.......)..
#......###...>.....
######## ##........
##........
#......... ###
#..P..#### #.####
#..####..#
#>...#####..'..#..'
##.....#.....#..'..#


You could see 3 yaks.

Vanquished Creatures
  Sigmund (D:2)
  4 yaks (D:6)
  A wraith (Ossuary)
  2 orc warriors (D:7)
  3 black bears
  An ogre (D:6)
  An elf zombie (Ossuary)
  A phantom (D:5)
  2 bullfrogs (D:6)
  A scorpion (D:5)
  A necrophage (D:5)
  A howler monkey (D:5)
  A gnoll shaman (D:7)
  2 hounds (D:4)
  2 iguanas
  5 orc wizards
  3 mummies (Ossuary)
  7 gnolls
  6 adders
  2 shadow imps
  A white imp (D:5)
  An ufetubus (D:5)
  2 worms
  3 dart slugs
  9 orcs
  7 endoplasms
  5 giant cockroaches
  14 goblins
  8 hobgoblins
  4 jackals (D:5)
  3 quokkas
  5 ball pythons
  6 bats
  4 frilled lizards
  2 gnoll zombies (Ossuary)
  A goblin zombie (Ossuary)
  4 hobgoblin zombies (Ossuary)
  11 kobolds
  An orc zombie (Ossuary)
  3 rats
141 creatures vanquished.

Vanquished Creatures (others)
  4 foxfires (D:6)
  A plant (D:6)
5 creatures vanquished.

Grand Total: 146 creatures vanquished

Notes
Turn   | Place    | Note
-------+----------+-------------------------------------------
     0 | D:1      | Ijustatesigmund the Deep Elf Conjurer began the quest for
                  | the Orb.
     0 | D:1      | Reached XP level 1. HP: 10/10 MP: 6/6
   173 | D:1      | Reached XP level 2. HP: 13/15 MP: 4/8
   940 | D:2      | You fall into a shaft and drop 2 floors!
   954 | D:4      | Reached skill level 4 in Spellcasting
  1027 | D:4      | Reached skill level 5 in Conjurations
  1027 | D:4      | Reached XP level 3. HP: 6/19 MP: 3/10
  1232 | D:4      | Learned a level 2 spell: Searing Ray
  1506 | D:2      | Reached XP level 4. HP: 24/24 MP: 8/12
  1629 | D:2      | Reached skill level 5 in Spellcasting
  2327 | D:2      | Noticed Sigmund
  2564 | D:3      | Reached XP level 5. HP: 24/28 MP: 9/14
  2664 | D:3      | Found a stormy altar of Qazlal.
  3026 | D:4      | Found a staircase to the Ecumenical Temple.
  3027 | D:4      | Noticed a black bear
  3035 | D:4      | Killed a black bear
  3036 | D:4      | Reached skill level 6 in Spellcasting
  3048 | Temple   | Entered the Ecumenical Temple
  3188 | Temple   | Became a worshipper of Vehumet
  3210 | D:4      | Found a sparkling altar of Nemelex Xobeh.
  3533 | D:4      | Reached XP level 6. HP: 8/32 MP: 2/17
  3886 | D:4      | Found a shimmering blue altar of Sif Muna.
  4002 | D:4      | Found a burning altar of Makhleb.
  4174 | D:5      | Entered Level 5 of the Dungeon
  4182 | D:5      | Reached skill level 7 in Spellcasting
  4361 | D:5      | Reached XP level 7. HP: 4/36 MP: 9/19
  4788 | D:5      | Reached skill level 8 in Spellcasting
  4831 | D:5      | Found a sand-covered staircase.
  4840 | Ossuary  | Entered an ossuary
  4840 | Ossuary  | Noticed a wraith
  4840 | Ossuary  | Noticed a wraith
  4840 | Ossuary  | Noticed a wraith
  5547 | Ossuary  | Noticed a wraith
  5558 | Ossuary  | Killed a wraith
  5559 | Ossuary  | Reached skill level 9 in Spellcasting
  5884 | D:5      | Reached XP level 8. HP: 41/41 MP: 18/23
  6176 | D:5      | Reached * piety under Vehumet
  6176 | D:5      | Offered knowledge of Foxfire by Vehumet.
  6732 | D:5      | Learned a level 1 spell: Foxfire
  6925 | D:2      | Killed Sigmund
  6926 | D:2      | Reached skill level 1 in Fire Magic
  7668 | D:6      | Reached skill level 10 in Spellcasting
  8415 | D:6      | Reached XP level 9. HP: 18/45 MP: 5/25
  8602 | D:7      | Found a glowing silver altar of Zin.
  8789 | D:7      | Reached skill level 11 in Spellcasting
  8789 | D:7      | Reached skill level 10 in Conjurations
  8812 | D:6      | Slain by a yak

Illustrated notes

Levels and vault maps discovered:
D:1:      lightli_molten_gateway, layout_loops_ring
D:2:      layout_basic, hangedman_abyss_or_decor_stabs, grunt_ministairs_6,
          uniq_sigmund
D:3:      layout_rooms, lemuel_doored_altar
D:4:      layout_gridville, mainiacjoe_overflow_concentric_impassable,
          lemuel_crystal_altar, makhleb_blood_cavern_becter,
          minmay_temple_entry_overgrown, minmay_misc_feat_iff,
          minmay_misc_feat_diagonals
D:5:      layout_basic, lightli_ossuary_entry_decrepit_ruins,
          kennysheep_crisscross
D:6:      corexii_shantytown, layout_cave_pods, grunt_gozag_breadcrumbs,
          item_on_display_a
D:7:      layout_basic, zin_scriptorium, minivault_27, minmay_ruined_shrine
Temple:   nicolae_temple_figure_zero

Skill      XL: |  1  2  3  4  5  6  7  8  9 |
---------------+----------------------------+-----
Spellcasting   | 4 5 6 7 9 10 11 | 11.0
Conjurations   | 5 6 7 8 9 10 | 10.0
Fire Magic     | 4 |  4.7
Dodging        | |  2.4
Stealth        | |  2.4

Action                   |  1- 3 |  4- 6 |  7- 9 || total
-------------------------+-------+-------+-------++-------
Melee: Short sword       |    13 |    15 |       ||    28
       Dagger            |     2 |       |       ||     2
       Staff             |       |     1 |     4 ||     5
 Cast: Magic Dart        |    50 |    77 |   137 ||   264
       Searing Ray       |       |     6 |    29 ||    35
       Foxfire           |       |       |     2 ||     2
Evoke: Wand              |       |       |     7 ||     7
  Use: Scroll            |     4 |     8 |    10 ||    22
       Potion            |       |     1 |     4 ||     5
 Stab: Sleeping          |     4 |       |       ||     4
Armor: Robe              |     5 |    18 |     6 ||    29
Dodge: Dodged            |    16 |    16 |    38 ||    70

Table legend: (Time is in decaauts)
 A = Elapsed time spent in this place.
 B = Non-inter-level travel time spent in this place.
 C = Inter-level travel time spent in this place.
 D = Time resting spent in this place.
 E = Time spent auto-exploring this place.
 F = Levels seen in this place.
 G = Mean time per level.
                   A        B        C        D        E       F      G
               +--------+--------+--------+--------+--------+-----+--------+
         Total |   8830 |   8455 |    375 |   2127 |   5266 |   9 |  981.1 |
       Dungeon |   7743 |   7391 |    352 |   1717 |   4803 |   7 | 1106.1 |
        Temple |    152 |    129 |     23 |      0 |    127 |   1 |  152.0 |
       Ossuary |    934 |    934 |      0 |    410 |    336 |   1 |  934.0 |
               +--------+--------+--------+--------+--------+-----+--------+

Top non-repeatable levels by time:
     D:5: 1685 daAuts
     D:2: 1498 daAuts
     D:4: 1418 daAuts
     D:6: 1158 daAuts
     D:1: 938 daAuts
 Ossuary: 934 daAuts
     D:3: 663 daAuts
     D:7: 380 daAuts
  Temple: 152 daAuts
